[Event "44th Chess Olympiad Open 2022"]
[Site "Chennai"]
[Date "2022.08.06"]
[Round "8.20"]
[White "Hovhannisyan, Mher"]
[Black "Haria, Ravi"]
[Result "1/2-1/2"]
[WhiteElo "2420"]
[BlackElo "2505"]
[Annotator "TA"]
[PlyCount "75"]
[EventDate "2022.??.??"]
[TimeControl "60"]

1. Nf3 Nf6 2. g3 d5 3. Bg2 e6 4. O-O Be7 5. d4 O-O 6. Nbd2 b6 7. c4 Bb7 8. b3 c5 9. Bb2 Nbd7 10. e3 Rc8 11. Rc1 Rc7 12. Qe2 {[%emt 0:
00:00] E17: Queen's Indian: 4 g3 Bb7 5 Bg2 Be7.} Qa8 13. Ne5 dxc4 (13... cxd4 {is interesting.} 14. exd4
dxc4 15. Bxb7 Qxb7 16. Nxd7 Rxd7 17. bxc4 Rc8) 14. Bxb7 Qxb7 15. Nxd7 Nxd7 16. Nxc4 cxd4 17. Bxd4 Rfc8 18. Qg4 {[%emt 0:07:18][%csl Gd4][%cal Rg4g7] [#]} e5 $146 {[%emt 0:00:
00] Strongly threatening ...Nf6.} ({Predecessor:} 18... g6 19. Rcd1 b5 20. Ne5
Nf6 21. Qe2 Ne4 22. a4 f6 23. Nf3 e5 24. Ba1 a6 25. axb5 axb5 {½-½ (52)
Smirnov,V (2392)-Johansen,D (2453) Sydney 2010}) 19. Bb2 b5 20. Nd2 Rc2 21. Qe4 Qxe4 22. Nxe4 f5 23.
Rxc2 Rxc2 24. Rd1 Nf8 ({Much weaker is} 24... Rxb2 $6 25. Rxd7 Bf8 26. Ng5 (26. Nc3
b4 $15) 26... Rxa2 27. Rb7 $11) (24... Nb6 $17 25. Rd2 Rxb2 26. Rxb2 fxe4) 25.
Rd2 $11 Rxb2 26. Rxb2 {[%emt 0:00:07] And
now Nc3 would win.} fxe4 27. Rc2 Ne6 {
[%emt 0:00:14] Inhibits Rc7.} 28. Rc8+ Kf7 29. Rb8 $1 a6 30. Rb6 Nc5 (30... Nc7 $1 $15) 31. b4 {[%emt 0:00:30] [#]} (31. Kg2 $11 {
keeps the balance.}) 31... Nd3 (31... Na4 $1 $17 32. Rxa6 Bxb4) 32. a3 $14 Nb2 33. Rxa6 Nc4 {[%emt 0:00:17] Prevents Rb6.} 34. Kf1 {[%emt 0:00:25]
White has compensation.} h5 35. h4 g5 {
[%emt 0:01:03] [#]} ({Black should try} 35... Nd6 $14) 36. hxg5 (36. g4 $1 $16 ) 36... Bxg5 37. Ke2 ({Better is} 37. a4 $14 bxa4 38. Rxa4) 37... h4 $11 38. gxh4 {[%emt 0:00:42] Weighted Error Value: White=0.22 (precise) / Black=0.
27 (precise)} 1/2-1/2

[Event "44th Chess Olympiad Open 2022"]
[Site "Chennai"]
[Date "2022.08.06"]
[Round "8.21"]
[White "Rodshtein, Maxim"]
[Black "Sanchez, Sebastian Felipe"]
[Result "1-0"]
[WhiteElo "2596"]
[BlackElo "2440"]
[Annotator "TA"]
[PlyCount "169"]
[EventDate "2022.??.??"]
[TimeControl "60"]

1. Nf3 {[%emt 0:00:09] ChessBase II} Nf6 2. c4 e6 3. g3 d5 4. Bg2 Be7 5. O-O O-O 6. d4 dxc4 7. Qc2 a6 8. a4 Bd7 9. Qxc4 Bc6 10. Bg5 Bd5 11. Qc2 Be4 12. Qc1 h6 13. Bxf6 {[%emt 0:00:00] E05:
Open Catalan: 5 Nf3 Be7.} Bxf6 14. Nbd2 Bxf3 15. Nxf3 {[%emt 0:00:07] The position is equal.} a5 16. Qc3 Nc6 17. Rad1 Nb4 18. Ne5 c6 19. Ng4 {[%emt 0:01:49] [#]} h5 $146 ({Predecessor:} 
19... Rc8 20. e4 Be7 21. Kh1 h5 22. Ne3 g6 23. f4 Bf6 24. Qd2 Bg7 25. f5 exf5
26. exf5 {½-½ (65) Rodshtein,M (2678)-Kryvoruchko,Y (2705) Brest 2018 EXT
2019 [ChessBase II]}) 20. Nxf6+ Qxf6 21. f4 Rfd8 22. e4 g6 23. h4 Qe7 ({Black should try} 23... Rd7
$11) 24. f5 $1 $14 exf5 25. exf5 Nd5 26. Rde1 $1 Qf6 27.
Qd2 gxf5 28. Re5 Ne7 {
[%emt 0:00:50] White must now prevent ...Qxe5.} 29. Qe3 {[%emt 0:06:31] White
is more active.} Kf8 {[%emt 0:14:50] [#]} (29... Re8 $1 $14) 30. Be4 $1 $18 c5 (30... Qd6 $2 31. Bxf5 Qxd4 32.
Rxe7 $18) 31. Rxc5 ({Stronger than} 31. Bxb7 cxd4 32. Qe1 Rab8
33. Qxa5 d3 $17) (31. Bxf5 $18 {[%cal Yf5e6] Hoping for Be6!} cxd4 32. Qe4)
31... Qxd4 $11 32. Qxd4 Rxd4 33. Bxf5 {[%emt 0:00:12] Be6 is the strong threat.} ({Reject} 33. Bxb7 Rb8 34.
Rc7 Rd3 $11) 33... b6 34. Rc7 {[%emt 0:01:22] And now Be6
would win.} Rad8 35. Bc2 Rb4 36. b3 Rg4 37. Rf3 Rd2 38. Bd3 Rd4 39.
Bc4 f5 40. Rb7 Rb2 $1 41. Rf2 {[%emt 0:06:51] Chess con chili.} Rxf2 42. Kxf2 {[%emt 0:00:07] Endgame KRB-KRN} f4 43. Rxb6 fxg3+ 44. Kxg3 {[%emt 0:00:06] Threatens to
win with Rb5.} Nf5+ 45. Kf2 Nd6 $1 46. Be2 {[%emt 0:03:54] Strongly threatening Ra6.} Ke7 47. Ra6 Rd5 (47... Rxh4 $11 {keeps the
balance.} 48. Rxa5 Rb4) 48. Ra7+ $16 Kf6 49.
Rh7 Kg6 (49... Rd4 $142) 50. Rh8 Re5 (50... Nf5 $16) 51. Bd3+ $18 Kg7 52. Rh7+ Kf6 53. Rh6+ Ke7 54. Rh7+ Kf6 $1 55. Rc7 Nf5 $2 (55... Nf7 {is a
better defense.} 56. Ra7 Nd6) 56. Rc6+ Ke7 (
56... Re6 $142 57. Rxe6+ Kxe6 58. Bxf5+ Kxf5) 57. Bxf5 Rxf5+ {
[%emt 0:00:03] KR-KR} 58. Ke3 Kd7 59. Ke4 Rf1 60. Rc5 Rb1 61. Rb5 Rh1 62. Rxh5 Rh3 63. Rb5 Rxh4+ {[%emt 0:
00:03] [#]} 64. Kd3 $1 Kc6 65. Rxa5 Rh3+ {[%emt 0:00:25] White mates.} 66. Kc4 Rh4+ 67. Kc3 Rh3+ 68. Kb4 Rh4+ 69. Ka3 Kb6 70. Rg5 ({Weaker is} 70. b4 Rh3+ 71. Kb2 Rh2+ 72. Kb3
Rh3+ 73. Kc2 Rh2+ 74. Kd3 Rh3+ 75. Kd2 Rh2+ 76. Kd3 Rh3+ 77. Kd4 Rh4+ 78. Kc3
Rh3+ 79. Kd2 Rh2+ 80. Kd3 $16) 70... Ka6 71. Rg6+ Ka7 72. a5 Kb7 73. b4 Ka7 74. Ka4 Rh7 75. a6 Rh5 76. b5 Rh1 77. Rg7+ Kb8 78. Ka5 Rh8 79. Rg5 Rf8 80. b6 Ka8 81. Rc5 Rb8 82. Kb5 Rh8 83. a7 Kb7 84. Rc7+ Ka8 85. Ka6 {[%emt 0:00:22]
Weighted Error Value: White=0.18 (very precise) /Black=0.18 (very precise)} 1-0

[Event "44th Chess Olympiad Open 2022"]
[Site "Chennai"]
[Date "2022.08.06"]
[Round "8.21"]
[White "Boruchovsky, Avital"]
[Black "Cardoso Cardoso, Jose Gabriel"]
[Result "1/2-1/2"]
[WhiteElo "2551"]
[BlackElo "2493"]
[Annotator "TA"]
[PlyCount "91"]
[EventDate "2022.??.??"]
[TimeControl "60"]

1. e4 c5 2. Nf3 d6 3. d4 cxd4 4. Nxd4 Nf6 5. Bb5+ Bd7 6. c4 {[%emt 0:00:05] B55: Sicilian: 2...d6 3 d4 cxd4 4 Nxd4 Nf6 5 f3.}
Nc6 (6... e5 {seems wilder.} 7. Nf5 Nxe4 8. Qd5 Bxb5 9. cxb5
Nc5) 7. Nc3 g6 8. h3 Bg7 9. Be3 O-O 10.
O-O Rc8 {[%emt 0:08:22] is the new trend.} 11. Bxc6 Bxc6 12. Nxc6 Rxc6 13. b3 a6 14. Rc1 e6 {[%emt 0:01:58] [#]} 15. Bd4 $146 ({Predecessor:} 15. Qd3
Qa5 16. Rfd1 Nd7 17. Bd4 Nc5 18. Qe3 Rfc8 19. Bxg7 Kxg7 20. e5 dxe5 21. Qxe5+ {
1-0 (38) Stachon,M (2113)-Skacelik,P (2185) Czech Republic 2013}) 15... Qe7 16. Re1 Rcc8 17. Qd3 Rfd8 18. Rcd1 Ne8 19. Bb6 {[%emt 0:04:19] White is more active.} Rd7 20.
a4 Nf6 (20... d5 $11 {
keeps the balance.} 21. a5 (21. exd5 Qb4 $14) 21... Bxc3 22. Qxc3 dxc4) 21. Qd2 Qf8 22. a5 d5 23. cxd5 (23. exd5 $16 exd5 24. cxd5 (24. Nxd5 Nxd5 25.
cxd5 Bc3 $17)) 23... Nxd5 $11 24. Nxd5 exd5 25. e5 ({Reject} 25. exd5 Bc3 26. Qe3 Bxe1 27.
Qxe1 Qe8 $17) 25... Qa3 26. Qe3 {[%emt 0:04:57] Threatens to
win with e6.} Rc6 27. Rd3 Bf8 28. Qf4 Qb4 29. Re4 Qb5 30. Red4 Bg7 31. Qg3 Bf8 (31... Rc1+ $11 32. Kh2 Qc6) 32. Kh2 $16 Rc2 33. f4 (33. Qf3 $142)
33... Re2 {[%emt 0:00:35] [#]} (33... Qc6 $16) 34. Qf3 (34.
Rc3 $1 $18 {is the precise move to win.}) 34... Re4 {[%emt 0:00:06] [#]} 35.
Qd1 (35. Rc3 $1 $16) 35... Rxd4 $11 36. Rxd4 Bc5 37. Bxc5 Qxc5 {[%emt 0:
00:00] Endgame KQR-KQR} 38. Qd2 Kf8 39. b4 Qc6 40. Rd3 Qc4 41. Rd4 Qf1 (41... Qc6 $1 $11 {was
preferrable.}) 42. Qc3 (42. Qe3 $14) 42... Qf2 {[%emt 0:00:00]
The position is equal.} 43. Qc5+ Kg7 44. Qc3
{[%emt 0:00:39][%cal Ye5e6] Strongly threatening e6!} Kf8 45.
Qc8+ Kg7 46. Qc3 {[%emt 0:00:05] Weighted
Error Value: White=0.17 (very precise) /Black=0.19 (very precise)} 1/2-1/2

[Event "44th Chess Olympiad Open 2022"]
[Site "Chennai"]
[Date "2022.08.06"]
[Round "8.21"]
[White "Avila Pavas, Santiago"]
[Black "Nabaty, Tamir"]
[Result "1/2-1/2"]
[WhiteElo "2453"]
[BlackElo "2631"]
[Annotator "TA"]
[PlyCount "132"]
[EventDate "2022.??.??"]
[TimeControl "60"]

1. e4 c6 2. d4 d5 3. e5 c5 4. dxc5 e6 5. a3 Bxc5 6. Nf3 {[%emt 0:
00:00] B12: Caro-Kann: Advance Variation.} Ne7 7. c4 {[%emt 0:
00:00] [#]} O-O $146 ({Predecessor:} 7... a5 8. Be2 Nbc6 9.
cxd5 Nxd5 10. Qc2 Qb6 11. O-O Nd4 12. Nxd4 Bxd4 13. Bf3 Bxe5 14. Bxd5 exd5 {
1-0 (27) Moberg,J (1516)-Ronbeck,B Follo 2014}) 8. Nc3 {[%emt 0:01:35][%cal
Yb1c3,Yc3a4,Ya4c5,Yc5b7] The position is equal.} dxc4 9. Qxd8 Rxd8 10. Na4 Bd4 {[%emt 0:
13:53] ...Nbc6 is the strong threat.} 11. Bg5 Nbc6 12. O-O-O Kf8 13. Bxc4 Bd7 14. Ba2 (14. Nxd4 $11 Nxd4 15. Nb6 (
15. Rxd4 Bxa4 16. Rxd8+ Rxd8 $11) 15... axb6 16. Rxd4) 14... Bxe5 {[%emt 0:21:
06][%cal Yc6d4] Hoping for ...Nd4!} 15. Nc5 Be8 16. Nxe5 Nxe5 17. Nxb7 Nd3+ (17... Rxd1+ $1 $15 18. Rxd1 Bc6) 18. Kb1
$132 {[%emt 0:00:26] White is fighting back} Rd7 {[%emt 0:00:47] White must
now prevent ...f6.} 19. Be3 Rc8 20. b4 Rxb7 21. Rxd3 a5 22. Rc1 {[%emt 0:00:00] [#] And now Rxc8 would win.} (22. Rb3 $5 ) 22... Rxc1+ (22... axb4 {seems wilder.} 23. Rb3 Rcb8
24. Bf4 Ra8) 23. Kxc1 axb4 24. axb4 Rxb4 25. Rd8 Rb7 26.
Kd1 Rd7+ 27. Rxd7 Bxd7 $15 {
[%emt 0:00:03] Endgame KBB-KBN} 28. Bc5 g5 29. f3 f6 30. Ke2 Kf7 31. Kf2 Bc6 32. Bc4 Ng6 33. Bd6 h5 34.
Bd3 Nf4 35. Bf1 e5 36. g3 Ke6 37. Ba3 Ng6 38. Bd3 Nh8 39. Bc4+ Bd5 40. Ba6 f5 41. Bc8+ {[%emt 0:00:00] This bishop pair is nice.} Kf6 42. f4 gxf4 43. gxf4 Ng6 44. fxe5+ Kxe5 45. Bd7 Nf4 46. Ke3 Ng2+ 47. Kf2 Nf4 48. Ke3 Ng2+ 49. Kf2 Be4 50. Bc1 Nf4 {[%emt 0:00:00] [#] aiming for ...Nd3+.} 51. Bxf4+ (51. Bb2+ $11 Kd6 52. Bb5) 51... Kxf4 $11 {[%emt 0:00:02] KB-KB
} 52. Be6 Kg4 53. Bd7 Kh3 54. Kg1 Kh4 55. Kf2 Kg4 56. Be6 Kg5 57.
Kg3 Kf6 ({Black should try} 57... f4+ $17 58.
Kf2 Bc6) 58. Bd7 Ke5 59. Be8 ({Better is} 59. h4 $15) 59... f4+ $17 60. Kf2 h4 61. Bd7 Kf6 62. Bc8 Kg5 63. Bd7 Bf5 64. Bc6 Kg4 65. Bf3+ Kg5 66. Bc6 $1 Bg4 {[%emt 0:00:08] Weighted
Error Value: White=0.08 (flawless) /Black=0.07 (flawless)} 1/2-1/2

[Event "44th Chess Olympiad Open 2022"]
[Site "Chennai"]
[Date "2022.08.06"]
[Round "8.21"]
[White "Valderrama Quiceno, Esteban Alb"]
[Black "Postny, Evgeny"]
[Result "1/2-1/2"]
[WhiteElo "2436"]
[BlackElo "2564"]
[Annotator "TA"]
[PlyCount "179"]
[EventDate "2022.??.??"]
[TimeControl "60"]

1. Nf3 {[%emt 0:00:24] ChessBase II
} d5 2. g3 b6 3. Bg2 Bb7 4. O-O e6 5. d4 Nf6 6. Ne5 Nbd7 {[%emt 0:02:45] 6...Qc8 injects fresh life into this line.
D02:1 d4 d5 2 Nf3 sidelines, including 2...Nf6 3 g3 and 2...Nf6 3 Bf4.} 7. c4 c6 8. Nc3 Nxe5 9. dxe5 Nd7 10. cxd5 exd5 11. e4 {[%emt 0:03:58][%cal Re4d5] [#]} d4 $146 ({Predecessor:} 11... dxe4 12. Nxe4 Nxe5 13. Qh5 Ng6 14. Bg5 Be7 15.
Rad1 Qc7 16. Bxe7 Qxe7 17. Rfe1 Kf8 18. Nd6 Qc7 19. Bf1 Kg8 20. Bc4 Rf8 21.
Nxf7 {1-0 (21) Langeweg,K-Hamann,S Marianske Lazne 1962 EXT 2000 [ChessBase II]
}) 12. Qxd4 Bc5 13. Qa4 Nxe5 14. Bf4 Qb8 15.
Rad1 O-O 16. Kh1 f6 17. Ne2 Qe8 18. h3 a5 19. Nd4 (19. Be3 $1 $11) 19...
Bxd4 (19... Ba6 $17 {aiming for ...Kh8.} 20. Rg1 Nd3) 20. Qxd4
$11 c5 21. Qc3 Qe6 22. Rd2 Rad8 23. Rfd1 Rxd2 24. Rxd2 Nc4 25. Rc2 Nd6 26. Bxd6 Qxd6 27. Rd2 Qe6 28. Kh2 Re8 (28... Qxa2 $2 29. b3 Qb1
30. Qc4+ Kh8 31. Qf7 $3 $18) (28... Bxe4 $2 29. Re2 $18) 29. f3 Ba6 (29... Qxa2 $2 30. b3 Qa3 31. Qc4+ Kf8 32. Rd7 $18) 30.
a3 a4 31. h4 Qb3 32. Qc1 Bd3 33. Qe1 c4 34. Qe3 Qb5 35. Qd4 Qc6 (35... Kf7 {is more complex.} 36. Qd6 Re7
37. Bh3 Qc5) 36. Bh3 Qc7 (36... Re7 $11) 37.
Qd5+ ({Better is} 37. Qd7 $14 Qxd7 38. Bxd7) 37... Kf8 $1 38. Qb5 Ra8 39. Qf5 h6 40. Qh7 Qf7 41.
Qf5 Qe8 42. Qd5 Rd8 {
[%emt 0:03:24] Against Bd7} 43. Qf5 Rd6 44. Qh7 Rd8 45. Bf5 Qf7 46. Bg4 b5 47. Qf5 Qe8 48. Bh5 (48. Qh7 $11 Qf7
49. Qf5) 48... Qe5 $1 $15 49. Qg6 Kg8 (49... Rd7 $5 50. Rf2 Re7 $11
) 50. Qf7+ Kh8 51. Bg6 Qc5 {[%emt 0:00:00] Strongly threatening ...Qe3.} 52. Bf5 Qf8 ({Don't take} 52... Qe3 53. Rg2 Qb6 54.
Qg6 $16) 53. Qc7 Qe8 54. Kg1 Rb8 55. Bd7 Qe5 56. Qxe5 fxe5 $11 {[%emt 0:00:04] Endgame KRB-KRB} 57. Kf2 Kg8 58. Ke3 Kf7 59. f4 Ke7 {[%emt 0:00:21] [#]} (59... Kf6
$11 {remains equal.}) 60. Bg4 (60. Bc6 $1 $16) 60... exf4+ 61. gxf4 b4 62. axb4 Rxb4 63. Kd4 Rb8 64. h5 Rd8+ 65. Ke3 Ra8 (65... Bb1 $11 {might be stronger.} 66. Rxd8 Kxd8) 66. Bf5 (66. Rg2 $14) 66... a3 (66... c3 $5 67. bxc3 (
67. Rxd3 cxb2 68. Rd7+ Ke8 $15) 67... Bc4 $11) 67. bxa3 Rxa3 68. Kd4 (68. Rb2 $5 ) 68... c3 $1 {[%emt 0:01:10] The position is equal.} 69. Rg2 {[%emt 0:00:23] 
[#]} Kf8 $1 {[%emt 0:00:48] ...c2 is the strong threat.} 70. Kxd3 {[%emt 0:00:
00] KRB-KR} (70. Rg6 c2) 70... c2+ $1 71. Kd2 Ra1 72. Kxc2 Ra2+ 73. Kd3 Rxg2 {[%emt 0:00:03] KR-KB} 74. Ke3 Rg3+ 75. Kf2 Ra3 76. e5 Ke7 77. Bg4 Kd8 78.
Bf3 Kd7 79. Kg3 Ke6 {
[%emt 0:00:09] White must now prevent ...Kf5.} 80. Kg4 Ra1 {
[%emt 0:00:08] Threatens to win with ...Rg1+.} 81. Bg2 Rg1 82. Kf3 Ke7 83. Kf2 Rc1 84. Bh3 Rc3 85.
Bg4 Ra3 86. Kg2 Kd8 87. Bf3 Kd7 88. Kg3 Ke6 89. Kg4 Ra1 {[%emt 0:00:27] And
now ...Rg1+ would win.} 90. Bg2 {[%emt 0:03:25] Weighted Error Value: White=0.
12 (very precise) /Black=0.11 (very precise)} 1/2-1/2

[Event "44th Chess Olympiad Open 2022"]
[Site "Chennai"]
[Date "2022.08.06"]
[Round "8.22"]
[White "Andersen, Mads"]
[Black "Ashiku, Franc"]
[Result "1-0"]
[WhiteElo "2587"]
[BlackElo "2422"]
[Annotator "TA"]
[PlyCount "87"]
[EventDate "2022.??.??"]
[TimeControl "60"]

1. d4 Nf6 2. c4 g6 3. Nc3 Bg7 4. e4 d6 5. Nf3 O-O 6. Be2 e5 7. O-O exd4 8. Nxd4 Re8 9. f3 c6 10. Nc2 Na6 11. Kh1 Nc7 {[%emt 0:00:55] E94:
King's Indian: Classical: 6 Be2 e5 7 0-0: Various Black 7th moves.} 12. Bg5 h6 13. Bh4 d5 {[%emt 0:00:00]
White is slightly better.} 14. cxd5 cxd5 15.
Qe1 $1 g5 16. Bg3 Nh5 17. Rd1 $1 Nxg3+ 18. Qxg3 {
[%emt 0:10:42] [#]} d4 $146 (18... Qe7 $14) ({Predecessor:} 
18... Qe7 19. f4 gxf4 20. Rxf4 Be6 21. Ne3 d4 22. Ng4 dxc3 23. Nxh6+ Kh7 24.
Nf5 Bxf5 25. Rxf5 cxb2 26. Rb1 Ne6 27. Rxb2 Rac8 28. Rd2 Nc5 {0-1 (28)
Koegeler,A (2133)-Alejos,P (2171) ICCF email 2017}) 19. f4 $1 $16 Ne6 (19... gxf4 $16 20. Qxf4 (20. Rxf4
Qg5 $11) 20... Ne6 21. Qxf7+ Kh8) 20. f5 $1 $18 Nc5 21. Qf3 {[%emt 0:00:00] White is more active.} Qe7 (
21... g4 $16 22. Qxg4 Qg5 23. Nxd4 Qxg4 24. Bxg4 Nxe4) 22. Nxd4 Nxe4 23. Nd5 Qe5 {[%emt 0:03:24] [#]} 24.
Nb5 {[%emt 0:05:30] Pair of Knights!} (24. Bc4 $1 $18 {and White stays clearly
on top.}) 24... Rd8 $2 (24... Qxb2 $2 25. Nbc7 Bd7 26. f6 (26.
Nxa8 Nd2 $18) 26... Nxf6 27. Nxf6+ Qxf6 28. Qxf6 Bxf6 29. Rxd7 $18) (24... Bd7
$16) 25. Nbc7 {[%emt 0:06:10] Threatens to win with f6.} Rb8 26. f6 {[%emt 0:00:48] Black must now prevent Ne7+.} Be6 (
26... Bg4 $142 27. Qxg4 Nxf6) 27. Nxe6 Qxe6 28. Bc4 (28. Ne7+ Kh7 29. Bd3 Rxd3 30. Qxd3 Bxf6 31. Rde1 (31.
Rxf6 Qxe7 32. Rf5 Qe6 $18)) 28... Nxf6 29. Rde1 ({Not} 29. Nxf6+ Qxf6 30. Rxd8+ (30. Qxf6 Bxf6 31. Rxd8+ Bxd8 $14) (30.
Bxf7+ Kh8 $11) 30... Qxd8 $14) 29... Nxd5 30. Rxe6 fxe6 {[%emt 0:00:05] [#]} 31. Qf7+ Kh8 {[%emt 0:00:04] And now ...Ne3 would win.} 32. Qxe6 Nf4 33. Qe3 Rbc8 34. Bb3 b6 35. g3 Re8 36. Qf3 Ne2 37. Bf7 Nd4 38. Qg4 Rf8 39. h4 Rc7 40. Qh5 {[%emt 0:00:00][%cal Yf1f6] Rf6! is the
strong threat.} ({Much worse is} 40. hxg5 $6 Rfxf7 41. Rxf7 Rxf7 $11) 40... Ne6
$2 {[%emt 0:00:35] [#] This costs Black the game.} (40... Rc5 $16) 41. Rf6 $3 Rc1+ (41... Rcxf7 42. Rxf7) 42. Kh2 Rxf7 43. Qxf7 Nc5 44. Rg6 {[%emt 0:00:00] Weighted Error Value: White=0.21 (precise) /Black=0.75}
1-0

[Event "44th Chess Olympiad Open 2022"]
[Site "Chennai"]
[Date "2022.08.06"]
[Round "8.22"]
[White "Rasmussen, Allan Stig"]
[Black "Veleshnja, Zino"]
[Result "1-0"]
[WhiteElo "2550"]
[BlackElo "2263"]
[Annotator "TA"]
[PlyCount "35"]
[EventDate "2022.??.??"]
[TimeControl "60"]

1. d4 Nf6 2. g3 e6 3. Bg2 d5 4. Nf3 c5 5. c4 Be7 6. O-O O-O 7. dxc5 Bxc5 8. Nc3 {[%emt 0:07:18] E06: Closed Catalan: Early deviations.}
dxc4 9. Qa4 $1 {[%emt 0:02:09] 9.Qa4 scores better than 9.Ne5.
} Nc6 10. Qxc4 {[%emt 0:01:01] White is slightly better.} Be7 11. Rd1 Qa5 12. a3 e5 13. Ng5 {[%emt 0:21:48] [#] Against Be6} Qc5 $146 (13... Bf5 $11 {should be considered.}) ({Predecessor:} 13...
h6 14. Nge4 Nxe4 15. Bxe4 Be6 16. Bd5 Nd4 17. Bxe6 fxe6 18. Be3 Rac8 19. Qd3 {
1-0 (19) Kukula,P (2058)-Zivotic,A (1422) FICGS email 2012}) 14. Qd3 $16 {
[%emt 0:03:52] And now Be3 would win. 0x0.0024cc815f95dp-1022s more active
pieces. The black rooks are badly placed.} Nd4 {[%emt 0:08:22] [#]} ({Better is
} 14... Qd4 $14) 15. e3 $1 $40 {[%emt 0:01:57] White has strong attack.} Ne6 (15... Nc6 $16 {keeps fighting.}) 16. b4 Qc7 17. Nd5 {[%emt 0:01:22] White wants to mate with Nxf6+.} Rd8 (17... e4 $142) 18. Nxe6 {[%emt 0:01:23] Weighted Error Value:
White=0.02 (flawless) /Black=0.46} 1-0

[Event "44th Chess Olympiad Open 2022"]
[Site "Chennai"]
[Date "2022.08.06"]
[Round "8.22"]
[White "Pasko, Llambi"]
[Black "Bjerre, Jonas Buhl"]
[Result "0-1"]
[WhiteElo "2418"]
[BlackElo "2608"]
[Annotator "TA"]
[PlyCount "68"]
[EventDate "2022.??.??"]
[TimeControl "60"]

1. d4 Nf6 2. c4 e6 3. Nf3 c5 4. d5 exd5 5. cxd5 d6 6. Nc3 g6 7. e4 Bg7 8. Nd2 O-O 9. Be2 Re8 10. O-O Nbd7 11. Re1 a6 12. a4 Ne5 13. Nf1 {[%emt 0:12:54] A77: Modern Benoni: Classical: 9...Re8
10 Nd2:10...a6 and 10...Nbd7.} Rb8 ({Black should try} 13...
Nfg4 $1 $11) 14. Ne3 {[%emt 0:03:57] [#]} (14. a5 $14) 14... h5 $146 (14... Ned7 $5 ) ({Predecessor:} 14... Qc7 15. Bd2 h5 16.
h3 Bh6 17. Rc1 Qe7 18. Qc2 Kh7 19. Rf1 Bf4 20. Nf5 Bxf5 21. Bxf4 {1-0 (36)
Xiong,J (2684)-Vasli,A (2341) Chess.com INT 2019}) 15. h3 {[%emt 0:04:44]
White has an edge.} Nh7 16. f4 Nd7 17. Bd3 Qh4 18. Nc4 (18. Rf1 $142 $1) 18... Bd4+ 19. Be3 $1 (19.
Kh1 Nb6 $1 20. Re2 (20. Nxb6 $2 Bxh3 21. Be3 Bg4+ 22. Kg1 Bxd1 $19) 20... Nxc4
21. Bxc4 Nf6 $17) 19... Bxe3+ (19... b5 $11 20. axb5 (20. Nxd6
$2 Bxe3+ 21. Rxe3 Qxf4 $19) 20... axb5 21. Nxb5 (21. Nxd6 Bxe3+ 22. Rxe3 Qxf4
$15) 21... Rxb5) 20. Rxe3 $14 {[%emt 0:00:19] Qf1 is the strong threat.} b5 21. axb5 (21. Nxd6 $2 Qxf4 22. Qe2 (22. Nxe8
$2 Qxe3+ 23. Kh1 Ne5 $19) 22... Qxd6 $19) (21. g3 $5 Qf6 22.
axb5 axb5 23. Na5 $16) 21... axb5 22. g3 (22.
Nxd6 Qxf4 23. Nxe8 Qxe3+ 24. Kh1 b4 $17) 22... Qf6 23. e5 (23. Na5 $11 b4 24. Nb5) 23... dxe5 $15 24.
Ne4 Qh8 (24... Qd8 $17 25. Ncd6 Rf8 26. Nxc8
(26. Bxb5 exf4 27. gxf4 Ndf6 $15) 26... Qxc8) 25. Ncd6 $11 exf4 26. Qf1 Qd4 ({Don't play} 26... f5 27. Qxf4 $1 Rd8 28. Nc3 $16) 27. Qxf4 Rf8 28. Rd1 {[%emt 0:08:53] [#]} ({White should play} 28.
Bf1) 28... Nb6 $1 $17 29. Nxc5 Qxc5 30. Ne4 Qd4 31. Be2 g5 $1 32. Qf3 $2 (32. Rxd4 $17 gxf4 33. gxf4)
32... Qg7 33. Bxb5 Bxh3 {[%emt 0:00:00]
Hoping for ...Bg4.} 34. Qxh5 Bf5 {[%emt 0:00:05] Weighted
Error Value: White=0.38/Black=0.23 (precise)} ({Don't blunder} 34... Qxb2 $2
35. Qxh3 Qxb5 36. Qf5 $19) ({Inferior is} 34... Nxd5 35. Rxd5 Be6 36. Rc5 $15)
0-1

[Event "44th Chess Olympiad Open 2022"]
[Site "Chennai"]
[Date "2022.08.06"]
[Round "8.22"]
[White "Mehmeti, Dritan"]
[Black "Thybo, Jesper Sondergaard"]
[Result "1/2-1/2"]
[WhiteElo "2371"]
[BlackElo "2520"]
[Annotator "TA"]
[PlyCount "47"]
[EventDate "2022.??.??"]
[TimeControl "60"]

1. d4 d5 2. Nf3 Nf6 3. e3 e6 4. c4 c5 5. Nc3 a6 6. a3 dxc4 7. Bxc4 b5 8. Be2 {[%emt 0:00:31] D40: Queen's Gambit Declined:
Semi-Tarrasch with 5 e3.} Bb7 9. O-O Nbd7 10. dxc5 Nxc5 11. b4 Qxd1 12. Rxd1 Nb3 13. Rb1 Nxc1 14. Rbxc1 {[%emt 0:00:08][%cal Yc3b5] [#] And now Nxb5! would win.} Rc8 (14... Be7 $11) 15. Nxb5 {[%emt 0:13:04] [#]} axb5 $146 ({Predecessor:} 15... Rxc1 16. Rxc1 axb5 17. Bxb5+ Kd8 18. Ne5
Bd6 19. Nxf7+ Ke7 20. Nxh8 Ng4 21. g3 Ne5 {1-0 (30) Grochal,J (2335)-Terry,R 
(2504) Chess.com INT 2020}) 16. Bxb5+ Ke7 17.
Rxc8 Bxc8 18. Ne5 $1 {[%emt 0:00:18] Nc6+
would kill now.} Ne8 19. e4 {[%emt 0:05:01] Black
must now prevent Nc6+. White has compensation.} f6 (19... Kf6
$1 $11) 20. Nc6+ $14 Kf7 21. Nd8+ (21. Rd8 $5 Nd6 22. Bd3 $14 (22. a4 Rg8 $14)) 21... Ke7 22. Nc6+ (22. a4 $11) 22... Kf7 $16 {[%emt 0:
00:13] [#]} 23. Nd8+ ({Better is} 23. Rd8 $1 $16 Nd6 24. Bd3 (24. a4 Rg8 $14)) 23... Ke7 $11 24. Nc6+ {
[%emt 0:00:16] Weighted Error Value: White=0.16 (very precise) /Black=0.16 
(very precise)} 1/2-1/2